 Dungeon Crawl Stone Soup version 0.29-a0-409-gd843f3a48c (webtiles) character file.

Game seed: 4952252841993895489

3409 siradein the Summoner (level 9, 0/67 HPs)
             Began as a Yellow Draconian Summoner on May 15, 2022.
             Was an Initiate of Yredelemnul.
             Succumbed to barbed spike wounds
             ... on level 8 of the Dungeon.
             The game lasted 00:18:16 (7650 turns).

siradein the Summoner (Yellow Draconian Summoner)   Turns: 7650, Time: 00:18:16

Health: 0/67       AC:  9    Str: 16    XL:     9   Next: 75%
Magic:  30/39      EV: 10    Int: 20    God:    Yredelemnul [......]
Gold:   18         SH:  9    Dex: 11    Spells: 14/24 levels left

rFire   . . .      SeeInvis .   e - +0 trident
rCold   + . .      Faith    .   z - +2 kite shield {reflect}
rNeg    + . .      Spirit   .   (body armour unavailable)
rPois   .          Reflect  +   (helmet restricted)
rElec   .          Harm     .   (no cloak)
rCorr   +          Rampage  .   A - +0 pair of gloves {infuse}
Will    .....                   m - +0 pair of boots
Stlth   ++........              (no amulet)
HPRegen 0.21/turn               u - ring "Jeygyejo" {rC+ rN+ MP+9 Str+5}
MPRegen 0.26/turn               y - ring of magical power

@: spiked
A: spit acid, AC +7, unfitting armour, cold-blooded, acid resistance
a: Breathe Acid, Renounce Religion, Recall Undead Harvest


You were on level 8 of the Dungeon.
You worshipped Yredelemnul.
Yredelemnul was noncommittal.
You visited 2 branches of the dungeon, and saw 9 of its levels.

You collected 363 gold pieces.
You spent 345 gold pieces at shops.

Inventory:

Hand Weapons
 e - a +0 trident (weapon)
Missiles
 x - a throwing net
Armour
 m - a +0 pair of boots (worn)
 z - a +2 kite shield of reflection (worn)
 A - a +0 pair of gloves of infusion (worn)
Jewellery
 u - the ring "Jeygyejo" (left hand) {rC+ rN+ MP+9 Str+5}
   (You found it on level 5 of the Dungeon)

   [ring of positive energy]

   Str:       It affects your strength (+5).
   rC:        It protects you from cold.
   rN:        It protects you from negative energy.
   MP:        It affects your magic capacity (+9).
 y - a ring of magical power (right hand)
Wands
 r - a wand of paralysis (17)
 w - a wand of charming (9)
 C - a wand of flame (19)
Scrolls
 f - 3 scrolls of teleportation {unknown}
 g - 2 scrolls of immolation
 k - 5 scrolls of poison
 l - a scroll of enchant armour {unknown}
 n - 2 scrolls of vulnerability {unknown}
 o - 2 scrolls of fog
 p - 2 scrolls of magic mapping
 t - a scroll of acquirement {unknown}
 v - a scroll of amnesia {unknown}
Potions
 a - 2 potions of magic
 b - a potion of resistance
 c - 3 potions of curing
 h - a potion of heal wounds
 i - a potion of might
 j - 3 potions of mutation
 q - 3 potions of haste
 s - a potion of brilliance
Miscellaneous
 B - a lightning rod (4/4)


   Skills:
 + Level 1.7 Fighting
 + Level 1.6 Polearms
 + Level 2.4 Dodging
 - Level 1.7 Stealth
 + Level 1.3 Shields
 + Level 8.0 Spellcasting
 + Level 9.4 Summonings
 + Level 6.5 Invocations


You had 14 spell levels left.
You knew the following spells:

 Your Spells              Type           Power      Damage    Failure   Level
a - Summon Small Mammal   Summ           100%       N/A       1%          1
b - Call Imp              Summ           45%        N/A       1%          2
c - Call Canine Familiar  Summ           45%        N/A       1%          3
d - Summon Lightning Spi  Summ/Air       26%        N/A       38%         4

Your spell library contained the following spells:

 Spells                   Type           Power      Damage    Failure   Level
 Summon Guardian Golem    Hex/Summ       26%        N/A       13%         3
 Ensorcelled Hibernation  Hex/Ice        16%        N/A       41%         2
 Scorch                   Fire           16%        2d6       41%         2
 Inner Flame              Hex/Fire       8%         N/A       65%         3
 Spider Form              Tmut/Pois      8%         N/A       65%         3
 Stone Arrow              Conj/Erth      16%        3d8       65%         3
 Summon Cactus Giant      Summ           22%        N/A       67%         6
 Anguish                  Hex/Necr       4%         N/A       96%         4
 Cause Fear               Hex            4%         N/A       96%         4
 Flame Wave               Conj/Fire      8%         2d5       96%         4
 Discord                  Hex            4%         N/A       100%        8
 Lehudib's Crystal Spear  Conj/Erth      4%         10d3      100%        8
 Animate Armour           Summ/Erth      Unusable   N/A       N/A         4

Dungeon Overview and Level Annotations

Branches:
Dungeon (8/15)             Temple (1/1) D:4            Lair (0/6) D:8

Altars:
Ashenzari
Cheibriados
Dithmenos
Elyvilon
Gozag
Hepliaklqana
Kikubaaqudgha
Makhleb
Nemelex Xobeh
Okawaru
Qazlal
Ru
Sif Muna
Trog
Uskayaw
Vehumet
Wu Jian
Xom
Yredelemnul
Zin
The Shining One

Shops:
D:1 !   D:3 ?*   D:8 [

Annotations:
D:6 2 transporters


Innate Abilities, Weirdness & Mutations

You can spit globs of acid.
Your golden yellow scales are hard. (AC +7)
You cannot fit into any form of body armour.
You are cold-blooded and may be slowed by cold attacks.
You are resistant to acid. (rCorr)


Message History

Reach: e) +0 trident
Press: ? - help, Dir - move target, f/p - manticore
Aim: a manticore (almost dead, ally target, about 35% to evade your +0 trident)
You could not reach far enough!
Your wolf bites the manticore. x2
The manticore dies!
A black mist starts to gather...
A wight comes into view. It is wielding a +2 vorpal glaive.
A red ugly thing comes into view.
Your Fighting skill increases to level 1!
Your Polearms skill increases to level 1!
Your Shields skill increases to level 1!
Your Spellcasting skill increases to level 8!
Unknown command.
You feel much better.
Your wolf dies!
Your wolf's corpse disappears in a puff of smoke!
The barbs in your skin will harm you if you move.
Continue?
The barbed spikes dig painfully into your body as you move.
The barbed spikes dig painfully into your body as you move.
An arrow appears from out of your range of vision.
You feel a bit more experienced.
The barbed spikes dig painfully into your body as you move.
Something bites the red ugly thing!!
Something claws the red ugly thing.
Something claws the red ugly thing but does no damage.
The barbed spikes dig painfully into your body as you move.
An arrow appears from out of your range of vision. x2
The barbed spikes dig painfully into your body as you move.
* * * LOW HITPOINT WARNING * * *
The arrow hits your manticore zombie!!
The barbed spikes dig painfully into your body as you move.
* * * LOW HITPOINT WARNING * * *
The arrow hits your manticore zombie!!
Your manticore zombie is destroyed!
The barbed spikes dig painfully into your body as you move.
* * * LOW HITPOINT WARNING * * *
The barbed spikes dig painfully into your body as you move.
* * * LOW HITPOINT WARNING * * *
The barbed spikes dig painfully into your body as you move.
You die...
Your body rises from the dead as a mindless zombie.

#...........>#####.....#
#...####............##.#
#...................##.#
#...................##.#
#..........#........##.#
####.....##............##.#
#..#......)............##.#
♣..##..##........))....+..#
♣......#..@..<#........####
♣......#..<.........####
♣...[#.#....#+#.###.#######
#....#.#..#.....#......#...
#....#.#..#.....#.#.##.#.##
......#.#..#.......#.#...<#
...#...#.#.....##.#
..#..#.# ....####....
..+......#..#.# ..... ##
....#..#.#


There were no monsters in sight!

Vanquished Creatures
  2 yaks (D:5)
  A phantom (D:4)
  A kobold brigand (D:7)
  2 bullfrogs
  2 necrophages
  4 scorpions
  A howler monkey (D:6)
  3 hounds (D:6)
  An orc priest (D:6)
  A gnoll shaman (D:6)
  An iguana (D:5)
  2 adders
  2 gnolls
  An ufetubus (D:6)
  4 worms
  A dart slug (D:2)
  7 orcs
  6 ball pythons
  4 bats
  5 endoplasms
  2 giant cockroaches
  5 hobgoblins
  3 jackals (D:1)
  A quokka (D:2)
  3 goblins
  11 kobolds
  4 rats
80 creatures vanquished.

Vanquished Creatures (collateral kills)
  A manticore (D:8)
  5 yaks
  A steam dragon (D:8)
  3 ogres
  2 kobold brigands
  A necrophage (D:7)
  A wight (D:8)
  A killer bee (D:8)
  2 hounds
  An orc priest (D:4)
  2 orc wizards
  Ijyb (D:3)
  3 adders
  6 gnolls
  A shadow imp (D:3)
  A white imp (D:7)
  A dart slug (D:2)
  5 orcs
  A ball python (D:3)
  2 endoplasms (D:4)
  A giant cockroach (D:1)
  4 goblins
  A hobgoblin (D:3)
  4 jackals
  17 kobolds
  A quokka (D:5)
  3 rats
72 creatures vanquished.

Vanquished Creatures (others)
  Edmund (D:6)
  A manticore zombie (D:8)
  2 bullfrog zombies
  2 scorpion zombies
  A killer bee zombie (D:8)
  A necrophage zombie (D:6)
  11 kobold zombies
  An ogre zombie (D:5)
  3 hound zombies
  A steam dragon zombie (D:8)
  A gnoll zombie (D:6)
  4 orc zombies (D:6)
  A quokka zombie (D:5)
30 creatures vanquished.

Grand Total: 182 creatures vanquished

Notes
Turn   | Place    | Note
-------+----------+-------------------------------------------
     0 | D:1      | siradein the Draconian Summoner began the quest for the
                  | Orb.
     0 | D:1      | Reached XP level 1. HP: 14/14 MP: 3/3
    88 | D:1      | Found Nallap's Distillery.
   319 | D:1      | Reached XP level 2. HP: 20/20 MP: 3/5
  1047 | D:1      | Learned a level 2 spell: Call Imp
  1102 | D:2      | Reached XP level 3. HP: 26/26 MP: 4/7
  1106 | D:2      | Learned a level 3 spell: Call Canine Familiar
  1265 | D:2      | Reached XP level 4. HP: 27/33 MP: 3/8
  1341 | D:2      | Found a faded altar of an unknown god.
  1482 | D:2      | Reached skill level 5 in Summonings
  2002 | D:2      | Identified the +2 leather armour of Misanthropy {+Blink
                  | SInv}
  2128 | D:3      | Noticed Ijyb
  2129 | D:3      | Paralysed by Ijyb for 5 turns
  2137 | D:3      | Paralysed by Ijyb for 2 turns
  2147 | D:3      | Killed Ijyb
  2272 | D:3      | Reached XP level 5. HP: 38/38 MP: 7/10
  2277 | D:3      | Learned a level 4 spell: Summon Lightning Spire
  2480 | D:3      | Found Citaunem's Magic Scroll Boutique.
  2489 | D:3      | Bought a scroll of identify for 20 gold pieces
  2489 | D:3      | Bought a scroll of fog for 20 gold pieces
  2489 | D:3      | Bought a scroll of magic mapping for 35 gold pieces
  2818 | D:3      | Found Kutzurche's Assorted Antiques.
  3074 | D:3      | Found Wacythom's General Store.
  3302 | D:4      | Reached XP level 6. HP: 27/45 MP: 9/12
  3312 | D:4      | Reached skill level 6 in Summonings
  3736 | D:4      | Found a staircase to the Ecumenical Temple.
  3743 | Temple   | Entered the Ecumenical Temple
  4209 | Temple   | Became a worshipper of Yredelemnul the Dark
  4507 | D:5      | Entered Level 5 of the Dungeon
  4547 | D:5      | Reached skill level 5 in Spellcasting
  4568 | D:5      | Your scales start taking on a golden yellow colour.
  4568 | D:5      | Reached XP level 7. HP: 50/50 MP: 11/14
  4568 | D:5      | Gained mutation: You are resistant to acid. (rCorr) [Yellow
                  | Draconian growth]
  4860 | D:5      | Identified the ring "Jeygyejo" {rC+ rN+ MP+9 Str+5}
  4932 | D:5      | Reached skill level 7 in Summonings
  4975 | D:5      | Reached * piety under Yredelemnul
  5142 | D:5      | Noticed a yak
  5145 | D:5      | Noticed a yak
  5148 | D:5      | Noticed a yak
  5162 | D:5      | Killed a yak
  5163 | D:5      | Reached skill level 1 in Invocations
  5171 | D:5      | Killed a yak
  5175 | D:5      | Killed a yak
  5176 | D:5      | Reached ** piety under Yredelemnul
  5176 | D:5      | Reached XP level 8. HP: 29/57 MP: 17/17
  5617 | D:6      | Found a transporter.
  5623 | D:6      | Found a transporter.
  5712 | D:6      | Noticed Edmund
  5728 | D:6      | Reached skill level 8 in Summonings
  5765 | D:6      | Killed Edmund
  6606 | D:7      | Reached skill level 5 in Invocations
  6606 | D:7      | Reached XP level 9. HP: 47/62 MP: 19/19
  6881 | D:7      | Reached skill level 9 in Summonings
  7575 | D:8      | Found Pockeoc's Antique Armour Shop.
  7579 | D:8      | Found a staircase to the Lair.
  7583 | D:8      | Bought a pair of glowing gloves for 270 gold pieces
  7627 | D:8      | Noticed a manticore
  7640 | D:8      | Killed a manticore
  7640 | D:8      | Noticed a red ugly thing
  7641 | D:8      | Reached skill level 1 in Fighting
  7641 | D:8      | Reached skill level 1 in Polearms
  7641 | D:8      | Reached skill level 1 in Shields
  7650 | D:8      | Succumbed to barbed spike wounds

Illustrated notes

Levels and vault maps discovered:
D:1:      wheals_arrival_shading, layout_loops_cross, serial_shops, shop
D:2:      layout_loops_ring, ebering_ecumenical_altar_abandoned
D:3:      layout_loops_ring, serial_shops, nicolae_shop_crystal,
          nicolae_shop_overgrown_old_shop, nicolae_shop_advertising_works
          [nicolae_subvault_shop_adworks], minmay_misc_feat_diagonals, uniq_ijyb
D:4:      layout_cave_pools, minmay_temple_entry_arrows, st_stairs_12
D:5:      layout_rooms, nicolae_figureground_sparkle
D:6:      gammafunk_steamed_eel, layout_rooms, dk_rats_in_the_wall, uniq_edmund
D:7:      layout_basic, minmay_misc_feat_columns, minivault_10
D:8:      minmay_the_grid_octo_triangle [minmay_the_grid_octo_77,
          minmay_the_grid_octo_prize_ultimate_mussel_roller,
          minmay_the_grid_octo_fan_narrow], layout_basic, serial_shops, shop,
          introduction_to_nature_2, uniq_maurice, uniq_prince_ribbit1
Temple:   compressed_dpeg_triangle_lava_temple

Skill      XL: |  1  2  3  4  5  6  7  8  9 |
---------------+----------------------------+-----
Spellcasting   | 3 4 5 6 7 8 |  8.0
Summonings     | 5 6 7 8 9 |  9.4
Invocations    | 2 5 6 |  6.5
Dodging        | 2 |  2.4
Fighting       | 1 |  1.7
Polearms       | 1 |  1.6
Shields        | 1 |  1.3
Stealth        | |  1.7

Action                   |  1- 3 |  4- 6 |  7- 9 || total
-------------------------+-------+-------+-------++-------
Melee: Trident           |    78 |   164 |   172 ||   414
       Short sword       |     6 |       |       ||     6
       Spear             |     6 |       |       ||     6
       Tailslap          |     7 |    16 |    16 ||    39
       Punch             |       |     1 |       ||     1
 Cast: Summon Small Mamm |    13 |       |       ||    13
       Call Imp          |     7 |    20 |     1 ||    28
       Call Canine Famil |       |     9 |    34 ||    43
Invok: Recall Undead Har |       |       |     3 ||     3
 Abil: Breathe Acid      |       |       |     4 ||     4
  Use: Scroll            |     1 |     6 |     4 ||    11
       Potion            |       |       |     2 ||     2
 Stab: Distracted        |     2 |     3 |     3 ||     8
       Sleeping          |     1 |     4 |       ||     5
Armor: Skin              |    38 |    56 |    65 ||   159
Dodge: Dodged            |    81 |    79 |   106 ||   266
Block: Kite shield       |       |       |     2 ||     2

Table legend: (Time is in decaauts)
 A = Elapsed time spent in this place.
 B = Non-inter-level travel time spent in this place.
 C = Inter-level travel time spent in this place.
 D = Time resting spent in this place.
 E = Time spent auto-exploring this place.
 F = Levels seen in this place.
 G = Mean time per level.
                   A        B        C        D        E       F      G
               +--------+--------+--------+--------+--------+-----+--------+
         Total |   7798 |   7621 |    177 |      8 |   6003 |   9 |  866.4 |
       Dungeon |   7327 |   7150 |    177 |      8 |   5610 |   8 |  915.9 |
        Temple |    471 |    471 |      0 |      0 |    393 |   1 |  471.0 |
               +--------+--------+--------+--------+--------+-----+--------+

Top non-repeatable levels by time:
     D:3: 1119 daAuts
     D:2: 1089 daAuts
     D:1: 1076 daAuts
     D:6: 1025 daAuts
     D:5: 960 daAuts
     D:7: 879 daAuts
     D:4: 827 daAuts
  Temple: 471 daAuts
     D:8: 349 daAuts
